 Dungeon Crawl Stone Soup version 0.18.1-48-g4cf74bf (webtiles) character file.

2278 Heedrag the Destroyer (level 9, -8/49 HPs)
             Began as a Deep Elf Conjurer on Aug 7, 2016.
             Was a Believer of Vehumet.
             Mangled by an orc knight
             ... wielding a +0 war axe
              (21 damage)
             ... in a bailey.
             The game lasted 00:21:09 (7041 turns).

Heedrag the Destroyer (Deep Elf Conjurer)           Turns: 7041, Time: 00:21:09

Health: -8/49      AC: 15    Str:  8    XL:     9   Next: 16%
Magic:  8/22       EV: 15    Int: 21    God:    Vehumet [**....]
Gold:   490        SH:  0    Dex: 18    Spells: 4 memorised, 10 levels left

rFire  . . .     SeeInvis .     e - +2 mace (protect)
rCold  . . .     Gourm    .     a - +0 robe
rNeg   . . .     Faith    .     (no shield)
rPois  +         Spirit   .     A - +2 hat
rElec  .         Dismiss  .     (no cloak)
rCorr  .         Reflect  .     y - +1 pair of gloves
SustAt .         Harm     .     (no boots)
MR     .....                    (no amulet)
Stlth  +++.......               v - ring of poison resistance
                                u - ring of wizardry

@: not resistant to hostile enchantments, fairly stealthy
A: hooves 1, rough black scales 1, thin skeletal structure 2, evolution 1
a: Renounce Religion


You were in a bailey.
You worshipped Vehumet.
Vehumet was pleased with you.
You were hungry.

You visited 2 branches of the dungeon, and saw 9 of its levels.
You also visited: Sewer and Bailey.

You collected 490 gold pieces.

Inventory:

Hand Weapons
 d - a +0 short sword
 e - a +2 mace of protection (weapon)
 H - a +0 dagger of flaming
Armour
 a - a +0 robe (worn)
 y - a +1 pair of gloves (worn)
 A - a +2 hat (worn)
 E - the +8 orange crystal plate armour {Archmagi, Int+3 Clar SustAt}
   (You found it on level 5 of the Dungeon)

   It affects your intelligence (+3).
   It sustains your strength, intelligence and dexterity.
   It protects you against confusion.
Jewellery
 n - an uncursed ring of fire
 u - a ring of wizardry (left hand)
 v - a ring of poison resistance (right hand)
Wands
 I - a wand of lightning (15/15)
Scrolls
 f - 8 scrolls of identify {unknown}
 k - 3 scrolls of amnesia
 l - 2 scrolls of remove curse
 p - a scroll of enchant weapon
 q - 2 scrolls of fear
 z - a scroll of recharging
 B - a scroll of fog {unknown}
Potions
 g - 2 potions of flight {unknown}
 h - a potion of brilliance {unknown}
 i - 3 potions of mutation {unknown}
 j - 5 potions of might {unknown}
 m - 2 potions of haste
 o - 2 potions of agility {unknown}
 x - a potion of heal wounds {unknown}
 G - a potion of lignification {unknown}
 J - a potion of ambrosia {unknown}
Books
 b - a book of Conjurations

   Spells                             Type                      Level
   a - Magic Dart                     Conjuration                  1
   b - Searing Ray                    Conjuration                  2
   c - Dazzling Spray                 Conjuration/Hexes            3
   d - Fulminant Prism                Conjuration/Hexes            4
   e - Iskenderun's Mystic Blast      Conjuration                  4
   f - Iskenderun's Battlesphere      Conjuration/Charms           5
 C - a book of Transfigurations

   Spells                             Type                      Level
   a - Irradiate                      Conjuration/Transmutation    5
   b - Statue Form                    Transmutation/Earth          6
   c - Hydra Form                     Transmutation                6
   d - Dragon Form                    Transmutation                7
Comestibles
 c - 3 bread rations
 r - a mutagenic chunk of flesh
 D - 2 slices of pizza


   Skills:
 + Level 2.7 Fighting
 + Level 4.8 Dodging
 - Level 2.4 Stealth
 + Level 7.9 Spellcasting
 * Level 10.0 Conjurations
 + Level 6.8 Charms


You had 10 spell levels left.
You knew the following spells:

 Your Spells              Type           Power        Failure   Level  Hunger
a - Magic Dart            Conj           ####         1%          1    None
b - Dazzling Spray        Conj/Hex       ####..       1%          3    None
c - Iskenderun's Mystic   Conj           ######..     1%          4    ###....
d - Iskenderun's Battles  Conj/Chrm      #####...     4%          5    #####..


Dungeon Overview and Level Annotations

Branches:
Dungeon (8/15)             Temple (1/1) D:7
   Lair: D:8-11

Altars:
Ashenzari
Cheibriados
Dithmenos
Elyvilon
Kikubaaqudgha
Makhleb
Nemelex Xobeh
Qazlal
Ru
Trog
Vehumet
Xom
Zin
The Shining One
Lugonu

Annotations:
D:7 sarahorange's ghost, novice MiFi Bailey Joat's ghost, novice VSBe


Innate Abilities, Weirdness & Mutations

You have large cloven feet.
You are partially covered in rough black scales (AC +4, Dex -1).
You have a moderately thin skeletal structure (Dex +4, Stealth+).
You evolve.


Message History

Tha orc knight shouts!
Ye hit tha orc.
Tha orc be lightly wounded.
Tha orc barely misses ye.
Tha orc misses ye.
Ye completely miss tha orc.
Ye kick tha orc, but do nay damage.
Tha orc be lightly wounded.
Tha orc barely misses ye.
Tha orc knight roars a battlecry!
Tha orc goes inta a battle-frenzy!
Ye hear a shout!
A kobold comes inta view.
Tha kobold shouts!
Tha orc misses ye.
Tha orc knight hits ye wit' a war axe!
Tha orc knight hits ye wit' a war axe!
Tha orc knight hits ye wit' a war axe!
* * * LOW HITPOINT WARNIN'
* * * Tha kobold hits ye but does nay damage.
Tha orc hits ye but does nay damage.
Tha orc knight hits ye wit' a war axe!!
Ye die...

# #. #..
##.######
..#...#.o.#
....8.K.o.#
..#...#@..#
##'######
#.. #. #
### ..#
##'# K≈ ..#


You could see an orc knight, an orc and a kobold.

Vanquished Creatures
  The ghost of Elystan the Ducker, a novice TrEE (D:4)
  Prince Ribbit (D:5)
  A human (D:7)
  Purgy (Sewer)
  An orc warrior (Bailey)
  An ice beast (D:7)
  A phantom (D:5)
  The ghost of dearth the Skirmisher, an amateur MiFi (D:3)
  A sky beast (D:7)
  A centaur (D:6)
  A giant frog (D:6)
  A water moccasin skeleton (D:4)
  A howler monkey (D:4)
  An electric eel (D:6)
  A crimson imp (D:5)
  2 jellies
  A hound (D:6)
  An orc priest (D:4)
  5 orc wizards
  Ijyb (D:2)
  Terence (D:2)
  An iguana (D:6)
  2 worker ants
  A killer bee zombie (D:5)
  4 sheep (D:7)
  A hound skeleton (D:4)
  5 gnolls
  10 adders
  2 oozes
  An adder zombie (D:7)
  2 worms
  9 giant geckos
  10 orcs
  7 giant cockroaches
  8 goblins
  12 hobgoblins
  16 jackals
  19 kobolds
  4 quokkas
  A ball python (D:2)
  10 bats
  A giant gecko skeleton (D:4)
  4 giant newts
  9 rats
165 creatures vanquished.

Notes
Turn   | Place    | Note
--------------------------------------------------------------
     0 | D:1      | Heedrag the Deep Elf Conjurer began the quest for the Orb.
     0 | D:1      | Reached XP level 1. HP: 10/10 MP: 6/6
   228 | D:1      | Reached XP level 2. HP: 15/15 MP: 6/8
   510 | D:1      | Reached skill level 5 in Conjurations
   780 | D:1      | Found a glowing golden altar of the Shining One.
  1161 | D:2      | Reached XP level 3. HP: 19/19 MP: 4/9
  1229 | D:2      | Learned a level 3 spell: Dazzling Spray
  1407 | D:2      | Noticed Ijyb
  1416 | D:2      | Killed Ijyb
  1416 | D:2      | Reached XP level 4. HP: 24/24 MP: 2/11
  1514 | D:2      | Noticed Terence
  1542 | D:2      | Found a sacrificial altar of Ru.
  1655 | D:2      | Learned a level 4 spell: Iskenderun's Mystic Blast
  1843 | D:2      | Killed Terence
  1843 | D:2      | Reached skill level 6 in Conjurations
  2075 | D:2      | Found a shimmering altar of Xom.
  2216 | D:3      | Found a glowing silver altar of Zin.
  2310 | D:3      | Noticed dearth's ghost (amateur MiFi)
  2441 | D:3      | Reached XP level 5. HP: 28/28 MP: 9/13
  2643 | D:4      | Learned a level 5 spell: Iskenderun's Battlesphere
  2693 | D:4      | Noticed Elystan's ghost (novice TrEE)
  2728 | D:3      | Found a bloodstained altar of Trog.
  2822 | D:3      | Found a radiant altar of Vehumet.
  2879 | D:3      | Became a worshipper of Vehumet
  2927 | D:3      | Reached skill level 1 in Charms
  2968 | D:3      | Killed dearth's ghost
  2968 | D:3      | Reached skill level 5 in Spellcasting
  2968 | D:3      | Reached skill level 7 in Conjurations
  2968 | D:3      | Reached XP level 6. HP: 25/32 MP: 0/15
  3886 | D:4      | Killed Elystan's ghost
  3886 | D:4      | Reached skill level 8 in Conjurations
  3886 | D:4      | Reached XP level 7. HP: 36/36 MP: 6/18
  4291 | D:4      | Found an ancient bone altar of Kikubaaqudgha.
  4291 | D:4      | Found a sparkling altar of Nemelex Xobeh.
  4330 | D:5      | Entered Level 5 of the Dungeon
  4699 | D:5      | Found a glowing drain.
  4710 | D:5      | Reached * piety under Vehumet
  4710 | D:5      | Offered knowledge of Freeze by Vehumet.
  4714 | D:5      | Reached skill level 1 in Fighting
  4723 | Sewer    | Entered a sewer
  4818 | Sewer    | Noticed Purgy
  4823 | Sewer    | Killed Purgy
  4823 | Sewer    | Reached XP level 8. HP: 43/43 MP: 1/19
  5007 | D:5      | Reached skill level 5 in Charms
  5345 | D:5      | Noticed Prince Ribbit
  5351 | D:5      | Killed Prince Ribbit
  5351 | D:5      | Reached skill level 9 in Conjurations
  6348 | D:7      | Reached ** piety under Vehumet
  6349 | D:7      | Offered knowledge of Shock by Vehumet.
  6403 | D:7      | Noticed sarahorange's ghost (novice MiFi)
  6639 | D:7      | Found a staircase to the Ecumenical Temple.
  6647 | Temple   | Entered the Ecumenical Temple
  6733 | D:7      | Reached XP level 9. HP: 49/49 MP: 6/22
  6827 | D:7      | Found a flagged portal.
  6898 | D:7      | Gained mutation: You have large cloven feet. [mutagenic meat]
  6899 | D:7      | Gained mutation: You have a somewhat thin skeletal structure (Dex +2, Stealth). [mutagenic meat]
  6900 | D:7      | Gained mutation: You have a moderately thin skeletal structure (Dex +4, Stealth+). [mutagenic meat]
  6901 | D:7      | Gained mutation: You are partially covered in rough black scales (AC +4, Dex -1). [mutagenic meat]
  6902 | D:7      | Gained mutation: You evolve. [mutagenic meat]
  6969 | Bailey   | Entered a bailey
  6990 | Bailey   | Reached skill level 10 in Conjurations
  7006 | Bailey   | Noticed Joat's ghost (novice VSBe)
  7028 | Bailey   | Noticed an orc knight
  7041 | Bailey   | Mangled by an orc knight

Skill      XL: |  1  2  3  4  5  6  7  8  9 |
---------------+----------------------------+-----
Conjurations   | 5 6 7 8 9 10 | 10.0
Spellcasting   | 4 5 6 7 |  7.9
Charms         | 2 4 6 |  6.8
Fighting       | 1 2 |  2.7
Dodging        | 4 |  4.8
Stealth        | |  2.4

Action                   |  1- 3 |  4- 6 |  7- 9 || total
-------------------------+-------+-------+-------++-------
Melee: Mace              |    37 |    12 |    19 ||    68
       Kick              |       |       |     2 ||     2
 Cast: Magic Dart        |    64 |   142 |   202 ||   408
       Iskenderun's Batt |       |     6 |    17 ||    23
       Iskenderun's Myst |       |     1 |     4 ||     5
  Use: Scroll            |       |       |    11 ||    11
 Stab: Sleeping          |       |     1 |       ||     1
  Eat: Chunk             |     1 |     9 |    15 ||    25
       Bread ration      |       |       |     1 ||     1
Armor: Robe              |    24 |    18 |    43 ||    85
Dodge: Dodged            |    47 |    37 |   102 ||   186
